 Dungeon Crawl Stone Soup version 0.26.1-11-gd32895ea62 (webtiles) character file.

Game seed: 16918347130853123269

78 H0rd4k the Insei (level 4, 0/28 HPs)
             Began as an Octopode Transmuter on May 31, 2021.
             Slain by a frilled lizard (3 damage)
             ... in a sewer.
             The game lasted 00:02:15 (2491 turns).

H0rd4k the Insei (Octopode Transmuter)              Turns: 2491, Time: 00:02:16

Health: 0/28       AC:  1    Str:  7 (9)  XL:     4   Next: 36%
Magic:  7/7        EV: 13    Int: 14 (16) God:
Gold:   161        SH:  0    Dex: 11 (12) Spells: 3/7 levels left

rFire    . . .     SeeInvis .     - Unarmed
rCold    . . .     Faith    .   (no shield)
rNeg     . . .     Spirit   .   (helmet restricted)
rPois    .         Reflect  .   (no amulet)
rElec    .         Harm     .   (no ring)
rCorr    .         Rampage  .   (no ring)
Will     .....                  (no ring)
Stlth    ++........             (no ring)
HPRegen  0.09/turn              (no ring)
MPRegen  0.10/turn              (no ring)
                                (no ring)
                                (no ring)

@: no status effects
A: almost no armour, stealthy swim, amphibious, 8 rings, constrict 8, camouflage
1, gelatinous body 1
a: no special abilities


You were in a sewer.
You visited 1 branch of the dungeon, and saw 3 of its levels.
You also visited: Sewer.

You collected 161 gold pieces.

Inventory:

Missiles
 g - 6 poisoned darts
Scrolls
 a - 2 scrolls of magic mapping {unknown}
 b - 2 scrolls of teleportation {unknown}
 c - a scroll of enchant armour {unknown}
 f - 2 scrolls of fear {unknown}
 h - a scroll of identify {unknown}
 j - a scroll of noise {unknown}
 k - a scroll of remove curse {unknown}
 l - a scroll of amnesia {unknown}
Potions
 i - a potion of degeneration


   Skills:
 + Level 1.1 Fighting
 + Level 2.2 Dodging
 - Level 0.8 Stealth
 + Level 4.1 Unarmed Combat
 * Level 2.2 Spellcasting
 * Level 2.3 Transmutations
 * Level 1.3 Poison Magic


You had 3 spell levels left.
You knew the following spells:

 Your Spells              Type           Power        Failure   Level
a - Beastly Appendage     Tmut           16%          9%          1
b - Spider Form           Tmut/Pois      3%           32%         3

Your spell library contained the following spells:

 Spells                   Type           Power        Failure   Level
 Wereblood                Tmut           8%           13%         2
 Ice Form                 Ice/Tmut       4%           80%         4
 Blade Hands              Tmut           4%           94%         5


Dungeon Overview and Level Annotations

Branches:
Dungeon (3/15)              Sewer (1/1)

Altars:
Ashenzari


Innate Abilities, Weirdness & Mutations

You cannot wear most types of armour.
You are very stealthy in the water. (Stealth+)
You are amphibious.
You can wear up to eight rings at the same time.
You can use your tentacles to constrict eight enemies at once.
Your skin changes colour to match your surroundings (Stealth+).
Your rubbery body absorbs attacks. (AC +1, EV +1)


Message History

Found a gate leading back out of this place.
There is an empty arch of ancient stone here.
A frilled lizard is nearby!
The frilled lizard hisses angrily.
The frilled lizard misses you. The frilled lizard bites you.
* * * LOW HITPOINT WARNING * * *
You closely miss the frilled lizard. Your grab misses the frilled lizard.
You barely miss the frilled lizard. Your grab misses the frilled lizard.
The frilled lizard misses you.
You barely miss the frilled lizard. Your grab misses the frilled lizard.
The frilled lizard bites you.
* * * LOW HITPOINT WARNING * * *
You barely miss the frilled lizard. Your grab misses the frilled lizard.
The frilled lizard bites you but does no damage.
You tentacle-slap the frilled lizard. Your grab misses the frilled lizard.
Your squeeze misses the frilled lizard.
The frilled lizard is heavily wounded.
The frilled lizard bites you.
You die...

≈≈≈≈ ≈≈≈≈
.≈≈≈≈
≈≈≈≈≈
.≈≈≈≈≈
#≈≈≈≈≈≈
##≈≈≈≈≈≈≈
#@l≈≈≈≈≈≈
#∩≈≈≈≈≈≈≈
##.≈≈≈≈≈≈
#≈≈≈≈≈≈
≈≈≈≈≈≈
≈≈≈≈≈≈
≈≈≈≈≈
≈≈≈≈≈


You could see a frilled lizard.

Vanquished Creatures
  4 adders
  An ooze (D:2)
  A dart slug (D:1)
  7 goblins
  8 hobgoblins
  A quokka (D:2)
  A ball python (D:2)
  4 bats
  2 frilled lizards
  2 kobolds
  8 rats
39 creatures vanquished.

Vanquished Creatures (others)
  5 plants (D:1)
5 creatures vanquished.

Grand Total: 44 creatures vanquished

Notes
Turn   | Place    | Note
-------+----------+-------------------------------------------
     0 | D:1      | H0rd4k the Octopode Transmuter began the quest for the Orb.
     0 | D:1      | Reached XP level 1. HP: 13/13 MP: 3/3
   568 | D:1      | Reached XP level 2. HP: 12/18 MP: 5/5
  1458 | D:2      | Reached XP level 3. HP: 19/23 MP: 6/6
  1466 | D:2      | Learned a level 3 spell: Spider Form
  1844 | D:2      | Reached skill level 4 in Unarmed Combat
  2302 | D:3      | Reached XP level 4. HP: 22/28 MP: 7/7
  2319 | D:3      | Found a broken altar of Ashenzari.
  2363 | D:3      | Reached skill level 1 in Poison Magic
  2398 | D:3      | Found a glowing drain.
  2475 | Sewer    | Entered a sewer
  2491 | Sewer    | Slain by a frilled lizard

Illustrated notes

Levels and vault maps discovered:
D:1:      wander_arrival_abandoned_jail, layout_basic, serial_bayou_lagoon_a,
          amcnicky_mini_pool_small
D:2:      layout_rooms
D:3:      layout_loops_corners, lemuel_doored_altar, portal_sewer_entry_d,
          minmay_misc_feat_columns
Sewer:    sewer_co_purgy_island

Skill      XL: |  1  2  3  4 |
---------------+-------------+-----
Unarmed Combat | 4 |  4.1
Poison Magic   | 1 |  1.3
Fighting       | |  1.1
Dodging        | |  2.2
Stealth        | |  0.8
Spellcasting   | |  2.2
Transmutations | |  2.3

Action                   |  1- 3 |  4- 6 || total
-------------------------+-------+-------++-------
Melee: Unarmed           |    88 |    20 ||   108
       Constrict         |    22 |     2 ||    24
       Tentacles         |    16 |     2 ||    18
       Punch             |     2 |       ||     2
  Use: Potion            |       |     3 ||     3
 Stab: Sleeping          |     7 |       ||     7
Armor: Skin              |     6 |     1 ||     7
Dodge: Dodged            |    46 |     9 ||    55
